 Dungeon Crawl Stone Soup version 0.29-a0-207-gf982a884d8 (webtiles) character file.

Game seed: 5179487158100309438

1206 Zeldest the Shooter (level 8, -7/51 HPs)
             Began as a Tengu Hunter on Feb 23, 2022.
             Was an Initiate of Gozag.
             Mangled by an orc warrior
             ... wielding a +0 mace
              (9 damage)
             ... on level 6 of the Dungeon.
             The game lasted 00:08:09 (5996 turns).

Zeldest the Shooter (Tengu Hunter)                  Turns: 5996, Time: 00:08:10

Health: -7/51      AC:  3    Str: 12    XL:     8   Next: 45%
Magic:  18/18      EV: 18    Int: 12    God:    Gozag
Gold:   478        SH:  0    Dex: 17    Spells: 7/7 levels left

rFire   + + .      SeeInvis .   a - +1 shortbow
rCold   + . .      Faith    .   (shield currently unavailable)
rNeg    . . .      Spirit   .   d - +0 leather armour
rPois   +          Reflect  .   (helmet restricted)
rElec   +          Harm     .   o - scarf {repulsion}
rCorr   +          Rampage  .   (no gloves)
Will    .....                   (boots unavailable)
Stlth   ++........              (no amulet)
HPRegen 0.17/turn               l - ring of magical power
MPRegen 0.16/turn               m - ring of protection from fire

@: mighty, brilliant, resistant, attractive, flying quickly and evasively, repel
missiles, quick
A: beak, talons 3, nimble flight
a: Renounce Religion, Potion Petition, Call Merchant, Bribe Branch


You were on level 6 of the Dungeon.
You worshipped Gozag.
Gozag was aware of your devotion.
You visited 2 branches of the dungeon, and saw 7 of its levels.

You collected 509 gold pieces.
You paid 31 gold pieces to Gozag.

Inventory:

Hand Weapons
 a - a +1 shortbow (weapon)
 b - a +2 dagger of speed
Armour
 d - a +0 leather armour (worn)
 o - a scarf of repulsion (worn)
Jewellery
 l - a ring of magical power (left hand)
 m - a ring of protection from fire (right hand)
Wands
 r - a wand of digging (5)
 s - a wand of iceblast (7)
Scrolls
 c - a scroll of acquirement {unknown}
 f - a scroll of magic mapping
 i - a scroll of amnesia
 j - 8 scrolls of identify
 n - a scroll of vulnerability {unknown}
 p - a scroll of blinking {unknown}
 v - a scroll of teleportation {unknown}
Potions
 e - a potion of curing
 g - a potion of lignification {unknown}
 h - a potion of attraction
 q - 2 potions of flight


   Skills:
 + Level 5.9 Fighting
 + Level 7.6 Bows
 + Level 6.5 Dodging
 - Level 1.0 Stealth


You had 7 spell levels left.
You didn't know any spells.
Your spell library contained the following spells:

 Spells                   Type           Power      Damage    Failure   Level
 Animate Skeleton         Necr           0%         N/A       38%         1
 Beastly Appendage        Tmut           0%         N/A       38%         1
 Pain                     Necr           0%         1d4       38%         1
 Wereblood                Tmut           0%         N/A       54%         2
 Spider Form              Tmut/Pois      0%         N/A       77%         3
 Vampiric Draining        Necr           0%         2d6       77%         3


Dungeon Overview and Level Annotations

Branches:
Dungeon (6/15)             Temple (1/1) D:4

Altars:
Ashenzari
Dithmenos
Elyvilon
Fedhas
Gozag
Hepliaklqana
Kikubaaqudgha
Makhleb
Okawaru
Qazlal
Ru
Uskayaw
Wu Jian
Xom
Yredelemnul
Zin
The Shining One

Annotations:
D:4 1 runed translucent door, SirDiesAlot's ghost, amateur DEIE
D:5 exclusion: oklob plant


Innate Abilities, Weirdness & Mutations

You have a beak for a mouth.
You have claws for feet.
Your magical nature lets you fly swiftly and evasively.


Message History

The orc priest calls down the wrath of Beogh upon you.
Beogh smites you! The orc barely misses you.
The orc priest completely misses you.
As you read the scroll labelled CAYLAS YGOKHLIYRHO, it crumbles to dust.
It is a scroll of identify.
q - 2 potions of flight The orc priest completely misses you.
The orc completely misses you.
The orc priest looks braver for a moment.
It was a potion of attraction.
You feel attractive to monsters.
The orc hits you from afar with a +0 trident!
The orc priest looks braver for a moment.
It was a potion of resistance.
You feel protected. The orc priest barely misses you. The orc misses you.
The orc completely misses you. The orc priest closely misses you.
It was a potion of brilliance.
You feel clever all of a sudden. The orc priest closely misses you.
The orc hits you from afar with a +0 trident.
The orc hits you with a +0 dagger.
The orc priest hits you with a +0 flail.
It was a potion of might.
You feel very mighty all of a sudden.
The orc priest hits you with a +0 short sword.
The orc barely misses you. The orc priest misses you.
As you read the scroll labelled XUS AGHETZ, it crumbles to dust.
You feel aware of your surroundings.
It was a scroll of magic mapping.
The orc priest closely misses you. The orc barely misses you.
The orc priest mumbles some strange prayers to Beogh against you.
Beogh smites you!
* * * LOW HITPOINT WARNING * * *
The orc priest barely misses you.
As you read the scroll labelled BEGEDA KEC LAFUDOZ, it crumbles to dust.
It is a scroll of amnesia.
You feel forgetful for a moment. The orc priest completely misses you.
The orc barely misses you.
The orc warrior hits you with a +0 mace!
You die...
Your body crumbles into a pile of gold.

*,,,,.......#....#........#...
*,,,,.#######....#........#...
******* #.....#........#...
#.....#........#...
#.....+........#...
*####*##....#........#...
*.....,#....#,,,,,,,,****
*.....o#o...#*****,,,,,,,
*....ooo@...# *,,,,,,,
*....oo#o...# *,,,,,,,
*.....,#....# *,,,,,,,
*....,,#....#*****,,,,,,,
*...,,,######,,,,,,,,,,,,
*..,,,,,,,,,,,,,,,,,,,,,,
*.,,,,,,,,,,,,,,,,,,,,,,,
*,,,,,,,,,,,,,,,,,,,,,,,,
*****+*,,,,,,,,,,,,,,,,,,


You could see an orc warrior, 3 orc priests and 4 orcs.

Vanquished Creatures
  A sky beast (D:6)
  An ice beast (D:5)
  2 ogres (D:5)
  A necrophage (D:5)
  2 phantoms (D:5)
  Blork the orc (D:6)
  A howler monkey (D:3)
  A hound (D:5)
  A jelly (D:4)
  2 iguanas
  6 orc wizards
  Natasha (twice) (D:2)
  A killer bee zombie (D:4)
  A hound skeleton (D:5)
  3 gnolls (D:5)
  5 adders
  A white imp (D:6)
  2 worms
  3 dart slugs
  12 orcs
  5 ball pythons
  7 endoplasms
  3 giant cockroaches
  4 goblins
  6 hobgoblins
  2 quokkas (D:3)
  4 bats
  6 frilled lizards
  5 kobolds
  7 rats
98 creatures vanquished.

Vanquished Creatures (others)
  A fungus (D:2)
  A plant (D:3)
2 creatures vanquished.

Grand Total: 100 creatures vanquished

Notes
Turn   | Place    | Note
-------+----------+-------------------------------------------
     0 | D:1      | Zeldest the Tengu Hunter began the quest for the Orb.
     0 | D:1      | Reached XP level 1. HP: 12/12 MP: 2/2
   242 | D:1      | Reached XP level 2. HP: 17/17 MP: 3/3
   876 | D:2      | Noticed Natasha
   887 | D:2      | Noticed a crimson imp
   897 | D:1      | Reached XP level 3. HP: 2/22 MP: 4/4
  1285 | D:2      | Killed Natasha
  1374 | D:2      | Found a faded altar of an unknown god.
  1785 | D:2      | Noticed Natasha
  1790 | D:2      | Killed Natasha
  1791 | D:2      | Reached skill level 5 in Bows
  1791 | D:2      | Reached XP level 4. HP: 20/28 MP: 5/5
  2088 | D:3      | Gained mutation: Your magical nature lets you fly swiftly
                  | and evasively. [Tengu growth]
  2088 | D:3      | Reached XP level 5. HP: 19/32 MP: 6/6
  2352 | D:3      | Found an opulent altar of Gozag.
  2359 | D:3      | Found a broken altar of Ashenzari.
  2385 | D:3      | Found a basalt altar of Yredelemnul.
  2716 | D:4      | Found a staircase to the Ecumenical Temple.
  2723 | D:4      | Reached XP level 6. HP: 38/38 MP: 7/7
  2732 | Temple   | Entered the Ecumenical Temple
  3154 | D:3      | Became a worshipper of Gozag Ym Sagoz the Greedy
  3682 | D:4      | Reached skill level 6 in Bows
  3922 | D:4      | Found a shadowy altar of Dithmenos.
  3972 | D:4      | Found a runed translucent door.
  3975 | D:4      | Noticed SirDiesAlot's ghost (amateur DEIE)
  4053 | D:5      | Entered Level 5 of the Dungeon
  4279 | D:5      | Reached skill level 5 in Dodging
  4279 | D:5      | Reached XP level 7. HP: 38/44 MP: 8/8
  4316 | D:5      | Found a sacrificial altar of Ru.
  4473 | D:5      | Reached skill level 5 in Fighting
  4599 | D:5      | Reached skill level 7 in Bows
  4807 | D:5      | Reached XP level 8. HP: 50/50 MP: 9/9
  4915 | D:5      | Found a blossoming altar of Fedhas.
  4925 | D:5      | Noticed an oklob plant
  5804 | D:6      | Noticed Blork the orc
  5809 | D:6      | Killed Blork the orc
  5995 | D:6      | HP: 2/51 [orc priest/divine providence (14)]
  5996 | D:6      | Mangled by an orc warrior

Illustrated notes

Levels and vault maps discovered:
D:1:      lemuel_arrival_hallway, layout_basic
D:2:      layout_loops_ring, shapermc_ecumenical_altar_mp_urbaneastern,
          uniq_natasha
D:3:      cheibrodos_old_hovel, layout_loops_ring, grunt_gozag_statues,
          mainiacjoe_overflow_alcove_4, mainiacjoe_overflow_small_starburst
D:4:      layout_basic, mainiacjoe_overflow_alcove_2, minmay_temple_entry_waves,
          ebering_ghost_reflecting_pool
D:5:      layout_layer_cave, nicolae_ru_the_path_less_chosen, tgw_fedhas
D:6:      layout_gridville, uniq_crazy_yiuf_cottage, uniq_prince_ribbit1,
          uniq_blork_the_orc
Temple:   grunt_temple_mini_profane

Skill      XL: |  1  2  3  4  5  6  7 |
---------------+----------------------+-----
Dodging        | 3 4 5 6 |  6.5
Fighting       | 3 4 5 |  5.9
Bows           | 5 6 7 |  7.6
Stealth        | |  1.0

Action                   |  1- 3 |  4- 6 |  7- 9 || total
-------------------------+-------+-------+-------++-------
Melee: Dagger            |     6 |     9 |       ||    15
       Kick              |     1 |     2 |       ||     3
       Peck              |     1 |     1 |       ||     2
 Fire: Shortbow          |    59 |   153 |   130 ||   342
  Use: Potion            |     2 |       |     8 ||    10
       Scroll            |       |       |     3 ||     3
Armor: Leather armour    |     3 |    12 |     7 ||    22
Dodge: Dodged            |     9 |    66 |    59 ||   134
       Repelled          |       |     2 |     1 ||     3

Table legend: (Time is in decaauts)
 A = Elapsed time spent in this place.
 B = Non-inter-level travel time spent in this place.
 C = Inter-level travel time spent in this place.
 D = Time resting spent in this place.
 E = Time spent auto-exploring this place.
 F = Levels seen in this place.
 G = Mean time per level.
                   A        B        C        D        E       F      G
               +--------+--------+--------+--------+--------+-----+--------+
         Total |   5807 |   5452 |    355 |   1302 |   3308 |   7 |  829.6 |
       Dungeon |   5545 |   5203 |    342 |   1302 |   3144 |   6 |  924.2 |
        Temple |    262 |    250 |     12 |      0 |    164 |   1 |  262.0 |
               +--------+--------+--------+--------+--------+-----+--------+

Top non-repeatable levels by time:
     D:4: 1368 daAuts
     D:5: 1291 daAuts
     D:1: 1107 daAuts
     D:3: 808 daAuts
     D:2: 774 daAuts
  Temple: 262 daAuts
     D:6: 196 daAuts
